Philadelphia Flyers vs Hartford Whalers
Created - Thursday, March 7, 2024 at 07:01
Goals
|
| Philadelphia Flyers |
0 |
1 |
2 |
0 |
3 |
| Hartford Whalers |
2 |
1 |
0 |
1 |
4 |
|
Shots
|
| Philadelphia Flyers |
13 |
16 |
6 |
0 |
35 |
| Hartford Whalers |
17 |
13 |
13 |
1 |
44 |
|
1st period
1. Hartford Whalers , Mike Hoffman 5 (Olli Maatta 1, Marcus Foligno 3) at 3:10
2. Hartford Whalers , Josh Anderson 5 (Thomas Chabot 10, Jaccob Slavin 12) at 5:03
Penalties :
Alec Martinez (HFD) for Fighting (Major) at 19:00, Oliver Ekman-Larsson (PHI) for Fighting (Major) at 19:00
2nd period
3. Hartford Whalers , Joshua Norris 10 (Alexis Lafreniere 12, Nikita Zaitsev 4) at 2:00
4. Philadelphia Flyers , Sonny Milano 3 (Tyler Johnson 5, Matt Roy 7) at 3:48
Penalties :
Joshua Norris (HFD) for High sticking (Minor) at 14:31
3rd period
5. Philadelphia Flyers , Tyler Johnson 8 (Sonny Milano 8, Matthew Peca 5) at 0:16
6. Philadelphia Flyers , Vladimir Tarasenko 11 (Justin Faulk 5) at 3:25 (PP)
Penalties :
T.J. Oshie (HFD) for Hooking (Minor) at 1:55
Overtime #1
7. Hartford Whalers , Andre Burakovsky 14 (Thomas Chabot 11, Alexander Wennberg 17) at 0:10
Penalties :
No Penalty
Goalie Stats
Connor Ingram (PHI), 40 saves from 44 shots - (0.909), OTL, 9-6-4, 60:10 minutes
Semyon Varlamov (HFD), 32 saves from 35 shots - (0.914), W, 7-12-3, 60:10 minutes
Players Stats for Philadelphia Flyers
Player Name G A P +/- PIM S H SB GA TA FO MP PP MP PK MP
------------------------------------------------------------------------------------
Artem Zub 0 0 0 -1 0 0 1 5 0 0 0/0 17:55 0:00 0:00
Auston Matthews 0 0 0 -1 0 2 1 0 2 1 1/6 18:30 1:42 0:00
Ben Chiarot 0 0 0 -2 0 3 1 0 0 1 0/0 20:26 0:00 0:00
Bryan Rust 0 0 0 -1 0 3 0 0 0 1 0/0 14:03 0:00 0:00
Elias Lindholm 0 0 0 -2 0 3 0 0 0 0 8/20 16:57 1:42 0:00
Erik Gustafsson 0 0 0 1 0 1 1 2 1 0 0/0 21:10 2:14 0:00
Jesper Fast 0 0 0 0 0 1 1 0 0 0 0/1 13:47 0:00 0:00
Justin Faulk 0 1 1 -2 0 1 1 0 1 0 0/0 22:44 1:15 0:00
Marcus Johansson 0 0 0 -1 0 1 0 0 0 0 0/2 16:11 1:47 0:00
Matt Duchene 0 0 0 -2 0 2 0 0 1 0 0/0 16:42 1:42 0:00
Matt Roy 0 1 1 0 0 1 2 1 0 1 0/0 21:33 2:14 0:00
Matthew Peca 0 1 1 1 0 0 2 0 0 0 5/10 14:23 0:00 0:00
Max Pacioretty 0 0 0 0 0 2 2 0 2 0 0/0 7:14 0:00 0:00
Oliver Ekman-Larsson 0 0 0 0 5 0 1 3 1 0 0/0 16:52 1:15 0:00
Radek Faksa 0 0 0 0 0 2 1 0 0 0 4/12 13:47 0:00 0:00
Sonny Milano 1 1 2 1 0 5 0 0 0 0 1/1 15:00 0:00 0:00
Tyler Johnson 1 1 2 1 0 7 2 0 0 0 1/3 17:41 1:47 0:00
Vladimir Tarasenko 1 0 1 -1 0 1 0 0 2 1 1/1 15:44 1:47 0:00
Players Stats for Hartford Whalers
Player Name G A P +/- PIM S H SB GA TA FO MP PP MP PK MP
------------------------------------------------------------------------------------
Alec Martinez 0 0 0 0 5 1 2 0 0 1 0/0 20:19 0:00 1:53
Alexander Wennberg 0 1 1 1 0 2 1 1 0 0 14/21 19:02 0:00 1:43
Alexis Lafreniere 0 1 1 1 0 1 1 0 0 0 0/1 15:32 0:00 0:00
Andre Burakovsky 1 0 1 2 0 1 2 0 0 0 1/1 15:35 0:00 0:00
Casey Cizikas 0 0 0 -1 0 4 1 0 0 1 9/15 16:55 0:00 1:46
Eetu Luostarinen 0 0 0 -1 0 5 2 0 1 0 0/0 16:55 0:00 1:46
Erik Cernak 0 0 0 -1 0 3 0 1 0 0 0/0 22:01 0:00 1:53
Jaccob Slavin 0 1 1 0 0 2 1 3 0 1 0/0 23:13 0:00 1:36
Josh Anderson 1 0 1 -1 0 3 0 1 1 1 0/0 15:26 0:00 1:43
Joshua Norris 1 0 1 1 2 5 2 0 0 0 8/12 16:29 0:00 0:00
Marcus Foligno 0 1 1 1 0 0 1 0 0 1 0/0 8:49 0:00 0:00
Mike Hoffman 1 0 1 1 0 3 2 0 1 1 0/1 8:49 0:00 0:00
Nikita Zaitsev 0 1 1 2 0 0 0 4 0 1 0/0 16:37 0:00 0:00
Olli Maatta 0 1 1 2 0 2 0 1 0 1 0/0 15:47 0:00 0:00
Ryan Strome 0 0 0 1 0 1 0 1 1 0 2/2 9:08 0:00 0:00
T.J. Oshie 0 0 0 0 2 3 2 0 0 0 1/2 17:04 0:00 0:00
Taylor Hall 0 0 0 0 0 4 0 0 1 1 0/1 17:05 0:00 0:00
Thomas Chabot 0 2 2 1 0 4 2 1 0 1 0/0 22:22 0:00 1:36
3 Stars
1 - Tyler Johnson (PHI)
2 - Andre Burakovsky (HFD)
3 - Sonny Milano (PHI)
Power Play
Philadelphia Flyers - 1 on 2 Attempt(s) - 50.00%
Hartford Whalers - 0 on 0 Attempt(s) - 0.00%
Penalty Kill
Philadelphia Flyers - 0 on 0 Attempt(s) - 0.00%
- Score 0 goal in Penalty Kill
Hartford Whalers - 1 on 2 Attempt(s) - 50.00%
- Score 0 goal in Penalty Kill
Team Stat
Philadelphia Flyers - Hits : 16 - Faceoff Wins : 21 - Blocked Shots : 11 - Penalty Minutes : 5
Hartford Whalers - Hits : 19 - Faceoff Wins : 35 - Blocked Shots : 13 - Penalty Minutes : 9
Official
Referees : Chris Rooney and Francis Charron
Linesman : Darren Gibbs and Steve Barton
Game Notes
Oliver Ekman-Larsson beats up Alec Martinez at 19:00 of 1st period
Max Pacioretty is injured at 9:01 of 2nd period (Sprained Left Finger)
Finance
Level 1 -- Attendance: 4700 (47.00%) -- Ticket Income $470,000
Level 2 -- Attendance: 4067 (81.34%) -- Ticket Income $244,020
Level 3 -- Attendance: 2405 (80.17%) -- Ticket Income $84,175
Level 4 -- Attendance: 3635 (72.70%) -- Ticket Income $90,875
Luxury Box -- Attendance: 799 (79.90%) -- Ticket Income $159,800
Game was played at the Hartford Civic Center.
Total Attendance: 15606 (65.03%)
Total Ticket Income: $1,048,870
Other Income: $367,104
Total Income: $1,415,974
Philadelphia Flyers
5 vs 5 Forward
Center Left Wing Right Wing Time % Phy DF OF
1 Elias Lindholm Matt Duchene Bryan Rust 25 0 2 3
2 Auston Matthews Marcus Johansson Vladimir Tarasenko 25 0 2 3
3 Radek Faksa Max Pacioretty Jesper Fast 25 0 2 3
4 Matthew Peca Tyler Johnson Sonny Milano 25 0 2 3
5 vs 5 Defense
Defense Defense Time % Phy DF OF
1 Justin Faulk Ben Chiarot 35 1 2 2
2 Oliver Ekman-Larsson Artem Zub 35 1 2 2
3 Erik Gustafsson Matt Roy 30 1 2 2
4 Justin Faulk Ben Chiarot 0 1 2 2
PowerPlay Forward
Center Left Wing Right Wing Time % Phy DF OF
1 Elias Lindholm Auston Matthews Matt Duchene 50 0 1 4
2 Tyler Johnson Marcus Johansson Vladimir Tarasenko 50 0 1 4
PowerPlay Defense
Defense Defense Time % Phy DF OF
1 Justin Faulk Oliver Ekman-Larsson 50 0 2 3
2 Erik Gustafsson Matt Roy 50 0 2 3
Penalty Kill 4 Players Forward
Center Wing Time % Phy DF OF
1 Elias Lindholm Bryan Rust 50 0 4 1
2 Radek Faksa Jesper Fast 50 0 4 1
Penalty Kill 4 Players Defense
Defense Defense Time % Phy DF OF
1 Ben Chiarot Matt Roy 50 0 5 0
2 Artem Zub Justin Faulk 50 0 5 0
Penalty Kill - 3 Players Forward
Forward Time % Phy DF OF
1 Elias Lindholm 50 0 5 0
2 Radek Faksa 50 0 5 0
Penalty Kill - 3 Players Defense
Defense Defense Time % Phy DF OF
1 Ben Chiarot Matt Roy 50 0 5 0
2 Artem Zub Justin Faulk 50 0 5 0
4 vs 4 Forward
Center Wing Time % Phy DF OF
1 Elias Lindholm Matt Duchene 50 0 2 3
2 Auston Matthews Vladimir Tarasenko 50 0 2 3
4 vs 4 Defense
Defense Defense Time % Phy DF OF
1 Justin Faulk Ben Chiarot 50 1 2 2
2 Oliver Ekman-Larsson Artem Zub 50 1 2 2
Last Minutes Offensive
Center Left Wing Right Wing Defense Defense
Auston Matthews Elias Lindholm Matt Duchene Justin Faulk Oliver Ekman-Larsson
Last Minutes Defensive
Center Left Wing Right Wing Defense Defense
Elias Lindholm Radek Faksa Jesper Fast Ben Chiarot Matt Roy
Goaltenders
Starting : Connor Ingram
Backup : Jake Allen
Extra Forwards
Normal : Auston Matthews, Elias Lindholm, Matt Duchene - PP : Auston Matthews, Elias Lindholm - PK : Elias Lindholm
Extra Defensemen
Normal : Justin Faulk, Oliver Ekman-Larsson, Erik Gustafsson - PP : Justin Faulk - PK : Ben Chiarot, Matt Roy
Penalty Shots
Auston Matthews, Matt Duchene, Max Pacioretty, Elias Lindholm, Vladimir Tarasenko
Hartford Whalers
5 vs 5 Forward
Center Left Wing Right Wing Time % Phy DF OF
1 Alexander Wennberg Taylor Hall T.J. Oshie 35 1 2 2
2 Joshua Norris Andre Burakovsky Alexis Lafreniere 30 1 2 2
3 Casey Cizikas Eetu Luostarinen Josh Anderson 25 1 2 2
4 Ryan Strome Mike Hoffman Marcus Foligno 10 1 2 2
5 vs 5 Defense
Defense Defense Time % Phy DF OF
1 Jaccob Slavin Thomas Chabot 38 1 2 2
2 Erik Cernak Alec Martinez 37 1 3 1
3 Olli Maatta Nikita Zaitsev 25 1 3 1
4 Jaccob Slavin Thomas Chabot 0 1 2 2
PowerPlay Forward
Center Left Wing Right Wing Time % Phy DF OF
1 Alexander Wennberg Taylor Hall T.J. Oshie 50 1 1 3
2 Joshua Norris Andre Burakovsky Alexis Lafreniere 50 2 1 2
PowerPlay Defense
Defense Defense Time % Phy DF OF
1 Thomas Chabot Jaccob Slavin 50 1 1 3
2 Alec Martinez Nikita Zaitsev 50 1 2 2
Penalty Kill 4 Players Forward
Center Wing Time % Phy DF OF
1 Casey Cizikas Eetu Luostarinen 50 1 4 0
2 Alexander Wennberg Josh Anderson 50 1 4 0
Penalty Kill 4 Players Defense
Defense Defense Time % Phy DF OF
1 Jaccob Slavin Thomas Chabot 50 2 3 0
2 Erik Cernak Alec Martinez 50 1 4 0
Penalty Kill - 3 Players Forward
Forward Time % Phy DF OF
1 Casey Cizikas 50 1 4 0
2 Alexander Wennberg 50 1 4 0
Penalty Kill - 3 Players Defense
Defense Defense Time % Phy DF OF
1 Thomas Chabot Jaccob Slavin 50 2 3 0
2 Erik Cernak Nikita Zaitsev 50 1 4 0
4 vs 4 Forward
Center Wing Time % Phy DF OF
1 Alexander Wennberg Andre Burakovsky 50 1 2 2
2 Casey Cizikas Josh Anderson 50 1 2 2
4 vs 4 Defense
Defense Defense Time % Phy DF OF
1 Thomas Chabot Jaccob Slavin 50 1 2 2
2 Alec Martinez Erik Cernak 50 2 2 1
Last Minutes Offensive
Center Left Wing Right Wing Defense Defense
Alexander Wennberg Alexis Lafreniere Andre Burakovsky Thomas Chabot Jaccob Slavin
Last Minutes Defensive
Center Left Wing Right Wing Defense Defense
Casey Cizikas Eetu Luostarinen Josh Anderson Erik Cernak Alec Martinez
Goaltenders
Starting : Semyon Varlamov
Backup : Craig Anderson
Extra Forwards
Normal : Andre Burakovsky, Joshua Norris, Alexis Lafreniere - PP : Andre Burakovsky, Taylor Hall - PK : Casey Cizikas
Extra Defensemen
Normal : Jaccob Slavin, Alec Martinez, Nikita Zaitsev - PP : Thomas Chabot - PK : Jaccob Slavin, Erik Cernak
Penalty Shots
Alexander Wennberg, Andre Burakovsky, T.J. Oshie, Taylor Hall, Josh Anderson
% Time on Ice - Philadelphia Flyers
Lines # - Real PCT - Wanted PCT - Time Play
Normal Forward
1 - 25% - 25% - 14:03
2 - 25% - 25% - 13:57
3 - 25% - 25% - 14:08
4 - 25% - 25% - 14:23
Normal Defense
1 - 36% - 35% - 20:16
2 - 34% - 35% - 19:13
3 - 30% - 30% - 17:02
4 - 0% - 0% - 0:00
PP Forward
1 - 49% - 50% - 1:42
2 - 51% - 50% - 1:47
PP Defense
1 - 36% - 50% - 1:15
2 - 64% - 50% - 2:14
PK Forward
1 - 0% - 50%
2 - 0% - 50%
PK Defense
1 - 0% - 50%
2 - 0% - 50%
PK3 Forward
1 - 0% - 50%
2 - 0% - 50%
PK3 Defense
1 - 0% - 50%
2 - 0% - 50%
44 Forward
1 - 100% - 50% - 0:10
2 - 0% - 50% - 0:00
44 Defense
1 - 100% - 50% - 0:10
2 - 0% - 50% - 0:00
Last Minute Offensive - 0:00
Last Minute Defensive - 0:00
Total
Forward - 60:10
Defense - 60:10
|
% Time on Ice - Hartford Whalers
Lines # - Real PCT - Wanted PCT - Time Play
Normal Forward
1 - 33% - 35% - 18:50
2 - 27% - 30% - 15:14
3 - 24% - 25% - 13:38
4 - 16% - 10% - 8:49
Normal Defense
1 - 36% - 38% - 20:36
2 - 36% - 37% - 20:08
3 - 28% - 25% - 15:47
4 - 0% - 0% - 0:00
PP Forward
1 - 0% - 50%
2 - 0% - 50%
PP Defense
1 - 0% - 50%
2 - 0% - 50%
PK Forward
1 - 51% - 50% - 1:46
2 - 49% - 50% - 1:43
PK Defense
1 - 46% - 50% - 1:36
2 - 54% - 50% - 1:53
PK3 Forward
1 - 0% - 50%
2 - 0% - 50%
PK3 Defense
1 - 0% - 50%
2 - 0% - 50%
44 Forward
1 - 100% - 50% - 0:10
2 - 0% - 50% - 0:00
44 Defense
1 - 100% - 50% - 0:10
2 - 0% - 50% - 0:00
Last Minute Offensive - 0:00
Last Minute Defensive - 0:00
Total
Forward - 60:10
Defense - 60:10
|
Play-by-Play
1st period
0:01 of 1st period - T.J. Oshie wins face-off versus Elias Lindholm in neutral zone.
0:06 of 1st period - Slapshot by T.J. Oshie.
0:06 of 1st period - Shot Misses the Net.
0:31 of 1st period - Snap shot by Taylor Hall.
0:31 of 1st period - Stopped by Connor Ingram with a rebound.
0:33 of 1st period - Slapshot by Alec Martinez.
0:33 of 1st period - Shot Misses the Net.
0:35 of 1st period - Wrist shot by Erik Cernak.
0:35 of 1st period - Stopped by Connor Ingram without a rebound.
0:36 of 1st period - Sonny Milano wins face-off versus Alexis Lafreniere in Philadelphia Flyers zone.
1:07 of 1st period - Snap shot by Eetu Luostarinen.
1:07 of 1st period - Shot Misses the Net.
1:09 of 1st period - Snap shot by Josh Anderson.
1:09 of 1st period - Shot Misses the Net.
1:29 of 1st period - Slapshot by Jesper Fast.
1:29 of 1st period - Shot Misses the Net.
1:31 of 1st period - Snap shot by Jesper Fast.
1:31 of 1st period - Shot Misses the Net.
2:58 of 1st period - Snap shot by Mike Hoffman.
2:58 of 1st period - Stopped by Connor Ingram with a rebound.
3:00 of 1st period - Snap shot by Marcus Foligno.
3:00 of 1st period - Shot Misses the Net.
3:06 of 1st period - Slapshot by Marcus Foligno.
3:06 of 1st period - Shot Misses the Net.
3:08 of 1st period - Slapshot by Olli Maatta.
3:08 of 1st period - Stopped by Connor Ingram with a rebound.
3:10 of 1st period - Slapshot by Olli Maatta.
3:10 of 1st period - Deflect By Mike Hoffman.
3:10 of 1st period - Goal by Mike Hoffman - Philadelphia Flyers : 0 - Hartford Whalers : 1.
3:11 of 1st period - Elias Lindholm wins face-off versus Joshua Norris in neutral zone.
3:28 of 1st period - Snap shot by Bryan Rust.
3:28 of 1st period - Stopped by Semyon Varlamov with a rebound.
4:10 of 1st period - Snap shot by Josh Anderson.
4:10 of 1st period - Shot Misses the Net.
4:47 of 1st period - Icing by Ben Chiarot.
4:48 of 1st period - Casey Cizikas wins face-off versus Auston Matthews in Philadelphia Flyers zone.
4:53 of 1st period - Wrist shot by Eetu Luostarinen.
4:53 of 1st period - Stopped by Connor Ingram with a rebound.
5:03 of 1st period - Snap shot by Josh Anderson.
5:03 of 1st period - Goal by Josh Anderson - Philadelphia Flyers : 0 - Hartford Whalers : 2.
5:04 of 1st period - Radek Faksa wins face-off versus Taylor Hall in neutral zone.
5:11 of 1st period - Wrist shot by Max Pacioretty.
5:11 of 1st period - Deflect By Radek Faksa.
5:11 of 1st period - Shot Misses the Net.
5:11 of 1st period - Puck is out of play.
5:12 of 1st period - Alexander Wennberg wins face-off versus Radek Faksa in Hartford Whalers zone.
5:17 of 1st period - Snap shot by Max Pacioretty.
5:17 of 1st period - Stopped by Semyon Varlamov with a rebound.
7:08 of 1st period - Wrist shot by Matt Duchene.
7:08 of 1st period - Stopped by Semyon Varlamov with a rebound.
8:08 of 1st period - Snap shot by Matt Duchene.
8:08 of 1st period - Shot Misses the Net.
8:10 of 1st period - Wrist shot by Elias Lindholm.
8:10 of 1st period - Shot Blocked by Alexander Wennberg.
8:12 of 1st period - Slapshot by Ben Chiarot.
8:12 of 1st period - Stopped by Semyon Varlamov without a rebound.
8:13 of 1st period - Elias Lindholm wins face-off versus Joshua Norris in Hartford Whalers zone.
8:16 of 1st period - Wrist shot by Elias Lindholm.
8:16 of 1st period - Stopped by Semyon Varlamov with a rebound.
8:18 of 1st period - Wrist shot by Matt Duchene.
8:18 of 1st period - Stopped by Semyon Varlamov with a rebound.
8:20 of 1st period - Snap shot by Bryan Rust.
8:20 of 1st period - Stopped by Semyon Varlamov without a rebound.
8:21 of 1st period - Joshua Norris wins face-off versus Radek Faksa in Hartford Whalers zone.
9:59 of 1st period - Joshua Norris is hit by Oliver Ekman-Larsson and loses puck.
10:06 of 1st period - Slapshot by Thomas Chabot.
10:06 of 1st period - Shot Blocked by Artem Zub.
10:08 of 1st period - Slapshot by Thomas Chabot.
10:08 of 1st period - Shot Blocked by Oliver Ekman-Larsson.
10:10 of 1st period - Slapshot by Jaccob Slavin.
10:10 of 1st period - Shot Misses the Net.
10:12 of 1st period - Slapshot by Jaccob Slavin.
10:12 of 1st period - Shot Blocked by Artem Zub.
10:14 of 1st period - Snap shot by Jaccob Slavin.
10:14 of 1st period - Stopped by Connor Ingram with a rebound.
10:16 of 1st period - Wrist shot by Joshua Norris.
10:16 of 1st period - Stopped by Connor Ingram without a rebound.
10:17 of 1st period - Alexander Wennberg wins face-off versus Elias Lindholm in Philadelphia Flyers zone.
10:20 of 1st period - Snap shot by Taylor Hall.
10:20 of 1st period - Stopped by Connor Ingram with a rebound.
10:22 of 1st period - Wrist shot by T.J. Oshie.
10:22 of 1st period - Stopped by Connor Ingram without a rebound.
10:23 of 1st period - Alexander Wennberg wins face-off versus Elias Lindholm in Philadelphia Flyers zone.
10:57 of 1st period - Erik Cernak is hit by Ben Chiarot and loses puck.
11:15 of 1st period - Snap shot by Sonny Milano.
11:15 of 1st period - Stopped by Semyon Varlamov with a rebound.
11:17 of 1st period - Slapshot by Matt Roy.
11:17 of 1st period - Shot Misses the Net.
11:49 of 1st period - Nikita Zaitsev is hit by Matt Roy.
12:03 of 1st period - Snap shot by Sonny Milano.
12:03 of 1st period - Stopped by Semyon Varlamov without a rebound.
12:04 of 1st period - Ryan Strome wins face-off versus Elias Lindholm in Hartford Whalers zone.
12:11 of 1st period - Wrist shot by Elias Lindholm.
12:11 of 1st period - Shot Blocked by Thomas Chabot.
12:13 of 1st period - Wrist shot by Elias Lindholm.
12:13 of 1st period - Shot Blocked by Jaccob Slavin.
12:15 of 1st period - Slapshot by Ben Chiarot.
12:15 of 1st period - Shot Blocked by Ryan Strome.
12:17 of 1st period - Slapshot by Ben Chiarot.
12:17 of 1st period - Shot Blocked by Jaccob Slavin.
12:19 of 1st period - Slapshot by Ben Chiarot.
12:19 of 1st period - Stopped by Semyon Varlamov with a rebound.
12:21 of 1st period - Snap shot by Elias Lindholm.
12:21 of 1st period - Stopped by Semyon Varlamov with a rebound.
12:30 of 1st period - Off-side.
12:31 of 1st period - Alexander Wennberg wins face-off versus Radek Faksa in neutral zone.
12:34 of 1st period - Snap shot by T.J. Oshie.
12:34 of 1st period - Stopped by Connor Ingram with a rebound.
12:39 of 1st period - Off-side.
12:40 of 1st period - Radek Faksa wins face-off versus Alexander Wennberg in neutral zone.
13:08 of 1st period - Olli Maatta is hit by Tyler Johnson and loses puck.
13:48 of 1st period - Snap shot by Eetu Luostarinen.
13:48 of 1st period - Deflect By Casey Cizikas.
13:48 of 1st period - Stopped by Connor Ingram with a rebound.
13:58 of 1st period - Snap shot by Casey Cizikas.
13:58 of 1st period - Stopped by Connor Ingram with a rebound.
14:14 of 1st period - Slapshot by Eetu Luostarinen.
14:14 of 1st period - Stopped by Connor Ingram without a rebound.
14:15 of 1st period - Elias Lindholm wins face-off versus Alexander Wennberg in Philadelphia Flyers zone.
14:30 of 1st period - Wrist shot by Elias Lindholm.
14:30 of 1st period - Shot Misses the Net.
14:32 of 1st period - Slapshot by Ben Chiarot.
14:32 of 1st period - Stopped by Semyon Varlamov with a rebound.
14:42 of 1st period - Andre Burakovsky is hit by Radek Faksa and loses puck.
14:53 of 1st period - Max Pacioretty is hit by Andre Burakovsky and loses puck.
15:38 of 1st period - Slapshot by Alexander Wennberg.
15:38 of 1st period - Shot Misses the Net.
16:05 of 1st period - Nikita Zaitsev is hit by Auston Matthews and loses puck.
16:10 of 1st period - Wrist shot by Auston Matthews.
16:10 of 1st period - Stopped by Semyon Varlamov without a rebound.
16:11 of 1st period - Casey Cizikas wins face-off versus Elias Lindholm in Hartford Whalers zone.
17:23 of 1st period - Justin Faulk is hit by Marcus Foligno and loses puck.
17:49 of 1st period - Icing by Olli Maatta.
17:50 of 1st period - Elias Lindholm wins face-off versus Casey Cizikas in Hartford Whalers zone.
17:51 of 1st period - Slapshot by Matt Duchene.
17:51 of 1st period - Shot Misses the Net.
18:23 of 1st period - Snap shot by Eetu Luostarinen.
18:23 of 1st period - Stopped by Connor Ingram without a rebound.
18:24 of 1st period - Radek Faksa wins face-off versus Alexander Wennberg in Philadelphia Flyers zone.
18:47 of 1st period - Icing by Ben Chiarot.
18:48 of 1st period - Joshua Norris wins face-off versus Jesper Fast in Philadelphia Flyers zone.
18:53 of 1st period - Slapshot by Andre Burakovsky.
18:53 of 1st period - Shot Misses the Net.
18:55 of 1st period - Slapshot by Erik Cernak.
18:55 of 1st period - Stopped by Connor Ingram without a rebound.
18:56 of 1st period - Joshua Norris wins face-off versus Matthew Peca in Philadelphia Flyers zone.
19:00 of 1st period - Oliver Ekman-Larsson beats up Alec Martinez.
19:00 of 1st period - Penalty to Alec Martinez for Fighting.
19:00 of 1st period - Penalty to Oliver Ekman-Larsson for Fighting.
19:01 of 1st period - Matthew Peca wins face-off versus Alexander Wennberg in Philadelphia Flyers zone.
19:01 of 1st period - Matthew Peca is hit by Thomas Chabot.
19:53 of 1st period - Slapshot by Josh Anderson.
19:53 of 1st period - Shot Misses the Net.
Goals for this period are 0 for Philadelphia Flyers vs 2 for Hartford Whalers.
Shots for this period are 13 for Philadelphia Flyers vs 17 for Hartford Whalers.
2nd period
0:01 of 2nd period - Alexander Wennberg wins face-off versus Elias Lindholm in neutral zone.
0:26 of 2nd period - Andre Burakovsky is hit by Matthew Peca and loses puck.
0:33 of 2nd period - Matthew Peca is hit by Joshua Norris and loses puck.
1:07 of 2nd period - Slapshot by Max Pacioretty.
1:07 of 2nd period - Shot Blocked by Olli Maatta.
1:09 of 2nd period - Wrist shot by Max Pacioretty.
1:09 of 2nd period - Shot Blocked by Nikita Zaitsev.
1:11 of 2nd period - Wrist shot by Jesper Fast.
1:11 of 2nd period - Shot Blocked by Nikita Zaitsev.
1:13 of 2nd period - Slapshot by Matt Roy.
1:13 of 2nd period - Shot Blocked by Nikita Zaitsev.
1:27 of 2nd period - Wrist shot by Ryan Strome.
1:27 of 2nd period - Shot Blocked by Matt Roy.
1:29 of 2nd period - Snap shot by Ryan Strome.
1:29 of 2nd period - Stopped by Connor Ingram with a rebound.
1:31 of 2nd period - Slapshot by Olli Maatta.
1:31 of 2nd period - Shot Blocked by Artem Zub.
1:33 of 2nd period - Slapshot by Marcus Foligno.
1:33 of 2nd period - Shot Misses the Net.
1:50 of 2nd period - Slapshot by Matt Duchene.
1:50 of 2nd period - Shot Misses the Net.
1:58 of 2nd period - Snap shot by Joshua Norris.
1:58 of 2nd period - Shot Blocked by Artem Zub.
2:00 of 2nd period - Wrist shot by Joshua Norris.
2:00 of 2nd period - Goal by Joshua Norris - Philadelphia Flyers : 0 - Hartford Whalers : 3.
2:01 of 2nd period - Alexander Wennberg wins face-off versus Matthew Peca in neutral zone.
2:26 of 2nd period - Justin Faulk is hit by Joshua Norris.
2:48 of 2nd period - Wrist shot by Max Pacioretty.
2:48 of 2nd period - Shot Misses the Net.
2:54 of 2nd period - Slapshot by Radek Faksa.
2:54 of 2nd period - Stopped by Semyon Varlamov without a rebound.
2:55 of 2nd period - Matthew Peca wins face-off versus T.J. Oshie in Hartford Whalers zone.
3:36 of 2nd period - Backhand shot by Sonny Milano.
3:36 of 2nd period - Shot Misses the Net.
3:38 of 2nd period - Slapshot by Tyler Johnson.
3:38 of 2nd period - Stopped by Semyon Varlamov with a rebound.
3:40 of 2nd period - Wrist shot by Tyler Johnson.
3:40 of 2nd period - Shot Misses the Net.
3:48 of 2nd period - Snap shot by Sonny Milano.
3:48 of 2nd period - Goal by Sonny Milano - Philadelphia Flyers : 1 - Hartford Whalers : 3.
3:49 of 2nd period - Alexander Wennberg wins face-off versus Radek Faksa in neutral zone.
3:54 of 2nd period - Slapshot by Taylor Hall.
3:54 of 2nd period - Stopped by Connor Ingram without a rebound.
3:55 of 2nd period - Alexander Wennberg wins face-off versus Radek Faksa in Philadelphia Flyers zone.
4:08 of 2nd period - Wrist shot by Max Pacioretty.
4:08 of 2nd period - Stopped by Semyon Varlamov with a rebound.
4:20 of 2nd period - Auston Matthews is hit by Jaccob Slavin and loses puck.
4:51 of 2nd period - Wrist shot by Thomas Chabot.
4:51 of 2nd period - Stopped by Connor Ingram with a rebound.
4:53 of 2nd period - Wrist shot by Josh Anderson.
4:53 of 2nd period - Stopped by Connor Ingram without a rebound.
4:54 of 2nd period - Alexander Wennberg wins face-off versus Marcus Johansson in Philadelphia Flyers zone.
5:24 of 2nd period - Off-side.
5:25 of 2nd period - Joshua Norris wins face-off versus Elias Lindholm in neutral zone.
5:30 of 2nd period - Snap shot by Joshua Norris.
5:30 of 2nd period - Stopped by Connor Ingram with a rebound.
5:32 of 2nd period - Snap shot by Alexis Lafreniere.
5:32 of 2nd period - Deflect By Joshua Norris.
5:32 of 2nd period - Stopped by Connor Ingram without a rebound.
5:33 of 2nd period - Alexander Wennberg wins face-off versus Elias Lindholm in Philadelphia Flyers zone.
5:58 of 2nd period - Alexis Lafreniere is hit by Max Pacioretty.
6:20 of 2nd period - Snap shot by Casey Cizikas.
6:20 of 2nd period - Stopped by Connor Ingram with a rebound.
6:22 of 2nd period - Slapshot by Olli Maatta.
6:22 of 2nd period - Deflect By Auston Matthews.
6:22 of 2nd period - Stopped by Connor Ingram with a rebound.
6:40 of 2nd period - Slapshot by Tyler Johnson.
6:40 of 2nd period - Stopped by Semyon Varlamov with a rebound.
7:09 of 2nd period - Snap shot by Matt Duchene.
7:09 of 2nd period - Shot Misses the Net.
7:21 of 2nd period - Wrist shot by Max Pacioretty.
7:21 of 2nd period - Shot Misses the Net.
7:53 of 2nd period - Wrist shot by Sonny Milano.
7:53 of 2nd period - Stopped by Semyon Varlamov with a rebound.
8:51 of 2nd period - Alec Martinez is hit by Max Pacioretty and loses puck.
9:00 of 2nd period - Max Pacioretty is hit by Alexis Lafreniere and loses puck.
9:01 of 2nd period - Max Pacioretty from Philadelphia Flyers is injured at 9:01 of 2nd period (Sprained Left Finger).
9:02 of 2nd period - Alexander Wennberg wins face-off versus Matthew Peca in Philadelphia Flyers zone.
9:17 of 2nd period - Wrist shot by Sonny Milano.
9:17 of 2nd period - Stopped by Semyon Varlamov with a rebound.
9:53 of 2nd period - Snap shot by Radek Faksa.
9:53 of 2nd period - Stopped by Semyon Varlamov with a rebound.
9:55 of 2nd period - Snap shot by Bryan Rust.
9:55 of 2nd period - Shot Misses the Net.
9:57 of 2nd period - Snap shot by Bryan Rust.
9:57 of 2nd period - Stopped by Semyon Varlamov without a rebound.
9:58 of 2nd period - Matthew Peca wins face-off versus Alexander Wennberg in Hartford Whalers zone.
10:01 of 2nd period - Slapshot by Sonny Milano.
10:01 of 2nd period - Shot Misses the Net.
11:06 of 2nd period - Slapshot by Justin Faulk.
11:06 of 2nd period - Stopped by Semyon Varlamov with a rebound.
11:38 of 2nd period - Wrist shot by Tyler Johnson.
11:38 of 2nd period - Stopped by Semyon Varlamov with a rebound.
11:52 of 2nd period - Snap shot by Elias Lindholm.
11:52 of 2nd period - Stopped by Semyon Varlamov without a rebound.
11:53 of 2nd period - Andre Burakovsky wins face-off versus Radek Faksa in Hartford Whalers zone.
12:38 of 2nd period - Wrist shot by Andre Burakovsky.
12:38 of 2nd period - Shot Misses the Net.
12:40 of 2nd period - Snap shot by Alexis Lafreniere.
12:40 of 2nd period - Deflect By Oliver Ekman-Larsson.
12:40 of 2nd period - Stopped by Connor Ingram without a rebound.
12:41 of 2nd period - Alexander Wennberg wins face-off versus Matthew Peca in Philadelphia Flyers zone.
12:46 of 2nd period - Snap shot by Alexander Wennberg.
12:46 of 2nd period - Shot Misses the Net.
13:12 of 2nd period - Matt Duchene is hit by Casey Cizikas and loses puck.
13:29 of 2nd period - Wrist shot by Mike Hoffman.
13:29 of 2nd period - Stopped by Connor Ingram without a rebound.
13:30 of 2nd period - Ryan Strome wins face-off versus Auston Matthews in Philadelphia Flyers zone.
14:31 of 2nd period - Minor Penalty to Joshua Norris for High sticking.
14:32 of 2nd period - Casey Cizikas wins face-off versus Elias Lindholm in Hartford Whalers zone.
14:59 of 2nd period - Erik Gustafsson is hit by Eetu Luostarinen and loses puck.
15:04 of 2nd period - Snap shot by Eetu Luostarinen.
15:04 of 2nd period - Stopped by Connor Ingram without a rebound.
15:05 of 2nd period - Tyler Johnson wins face-off versus Casey Cizikas in Philadelphia Flyers zone.
15:23 of 2nd period - Alec Martinez is hit by Tyler Johnson and loses puck.
15:36 of 2nd period - Slapshot by Auston Matthews.
15:36 of 2nd period - Stopped by Semyon Varlamov without a rebound.
15:37 of 2nd period - Casey Cizikas wins face-off versus Elias Lindholm in Hartford Whalers zone.
16:25 of 2nd period - Tyler Johnson is hit by Alexander Wennberg and loses puck.
16:31 of 2nd period - Penalty to Joshua Norris is over, Joshua Norris is back on ice.
16:42 of 2nd period - Snap shot by Joshua Norris.
16:42 of 2nd period - Stopped by Connor Ingram with a rebound.
16:48 of 2nd period - Joshua Norris is hit by Erik Gustafsson and loses puck.
17:51 of 2nd period - Wrist shot by Tyler Johnson.
17:51 of 2nd period - Stopped by Semyon Varlamov with a rebound.
17:53 of 2nd period - Slapshot by Tyler Johnson.
17:53 of 2nd period - Shot Hit the Post.
17:55 of 2nd period - Snap shot by Tyler Johnson.
17:55 of 2nd period - Shot Misses the Net.
17:57 of 2nd period - Snap shot by Tyler Johnson.
17:57 of 2nd period - Shot Misses the Net.
17:59 of 2nd period - Slapshot by Erik Gustafsson.
17:59 of 2nd period - Stopped by Semyon Varlamov with a rebound.
18:01 of 2nd period - Slapshot by Matt Roy.
18:01 of 2nd period - Stopped by Semyon Varlamov without a rebound.
18:02 of 2nd period - Elias Lindholm wins face-off versus Alexander Wennberg in Hartford Whalers zone.
18:27 of 2nd period - Justin Faulk is hit by Mike Hoffman and loses puck.
19:38 of 2nd period - Auston Matthews is hit by Thomas Chabot and loses puck.
19:54 of 2nd period - Icing by Taylor Hall.
19:55 of 2nd period - Joshua Norris wins face-off versus Auston Matthews in Hartford Whalers zone.
Goals for this period are 1 for Philadelphia Flyers vs 1 for Hartford Whalers.
Shots for this period are 16 for Philadelphia Flyers vs 13 for Hartford Whalers.
3rd period
0:01 of 3rd period - Casey Cizikas wins face-off versus Tyler Johnson in neutral zone.
0:04 of 3rd period - Slapshot by Eetu Luostarinen.
0:04 of 3rd period - Stopped by Connor Ingram without a rebound.
0:05 of 3rd period - Matthew Peca wins face-off versus Casey Cizikas in Philadelphia Flyers zone.
0:16 of 3rd period - Backhand shot by Tyler Johnson.
0:16 of 3rd period - Goal by Tyler Johnson - Philadelphia Flyers : 2 - Hartford Whalers : 3.
0:17 of 3rd period - Joshua Norris wins face-off versus Matthew Peca in neutral zone.
0:27 of 3rd period - Jaccob Slavin is hit by Matt Roy and loses puck.
0:54 of 3rd period - Matt Roy is hit by T.J. Oshie and loses puck.
1:13 of 3rd period - Slapshot by Tyler Johnson.
1:13 of 3rd period - Stopped by Semyon Varlamov with a rebound.
1:27 of 3rd period - Slapshot by Tyler Johnson.
1:27 of 3rd period - Stopped by Semyon Varlamov without a rebound.
1:28 of 3rd period - Joshua Norris wins face-off versus Auston Matthews in Hartford Whalers zone.
1:50 of 3rd period - Icing by Ben Chiarot.
1:51 of 3rd period - Elias Lindholm wins face-off versus Alexander Wennberg in Philadelphia Flyers zone.
1:55 of 3rd period - Minor Penalty to T.J. Oshie for Hooking.
1:56 of 3rd period - Casey Cizikas wins face-off versus Elias Lindholm in Hartford Whalers zone.
2:31 of 3rd period - Snap shot by Casey Cizikas.
2:31 of 3rd period - Deflect By Eetu Luostarinen.
2:31 of 3rd period - Shot Blocked by Oliver Ekman-Larsson.
2:31 of 3rd period - Puck is out of play.
2:32 of 3rd period - Casey Cizikas wins face-off versus Tyler Johnson in Philadelphia Flyers zone.
2:33 of 3rd period - Wrist shot by Eetu Luostarinen.
2:33 of 3rd period - Shot Blocked by Erik Gustafsson.
3:25 of 3rd period - Snap shot by Vladimir Tarasenko.
3:25 of 3rd period - Goal by Vladimir Tarasenko - Philadelphia Flyers : 3 - Hartford Whalers : 3.
3:26 of 3rd period - Joshua Norris wins face-off versus Radek Faksa in neutral zone.
3:51 of 3rd period - Erik Cernak is hit by Artem Zub.
4:18 of 3rd period - Icing by Erik Gustafsson.
4:19 of 3rd period - Elias Lindholm wins face-off versus Mike Hoffman in Philadelphia Flyers zone.
4:23 of 3rd period - Off-side.
4:24 of 3rd period - Casey Cizikas wins face-off versus Auston Matthews in neutral zone.
4:27 of 3rd period - Snap shot by Josh Anderson.
4:27 of 3rd period - Shot Blocked by Erik Gustafsson.
4:29 of 3rd period - Wrist shot by Casey Cizikas.
4:29 of 3rd period - Stopped by Connor Ingram with a rebound.
4:31 of 3rd period - Slapshot by Jaccob Slavin.
4:31 of 3rd period - Stopped by Connor Ingram without a rebound.
4:32 of 3rd period - Vladimir Tarasenko wins face-off versus Casey Cizikas in Philadelphia Flyers zone.
5:04 of 3rd period - Snap shot by Marcus Johansson.
5:04 of 3rd period - Shot Blocked by Erik Cernak.
5:10 of 3rd period - Snap shot by Taylor Hall.
5:10 of 3rd period - Stopped by Connor Ingram with a rebound.
5:39 of 3rd period - Jesper Fast is hit by Mike Hoffman and loses puck.
6:55 of 3rd period - Matt Roy is hit by Alec Martinez and loses puck.
7:36 of 3rd period - Wrist shot by Matt Duchene.
7:36 of 3rd period - Shot Blocked by Josh Anderson.
7:42 of 3rd period - Slapshot by Alec Martinez.
7:42 of 3rd period - Stopped by Connor Ingram with a rebound.
8:40 of 3rd period - Snap shot by Alexander Wennberg.
8:40 of 3rd period - Stopped by Connor Ingram without a rebound.
8:41 of 3rd period - Radek Faksa wins face-off versus Joshua Norris in Philadelphia Flyers zone.
9:01 of 3rd period - Off-side.
9:02 of 3rd period - Elias Lindholm wins face-off versus Casey Cizikas in neutral zone.
9:10 of 3rd period - Icing by Erik Cernak.
9:11 of 3rd period - Auston Matthews wins face-off versus Casey Cizikas in Hartford Whalers zone.
9:16 of 3rd period - Snap shot by Marcus Johansson.
9:16 of 3rd period - Stopped by Semyon Varlamov with a rebound.
9:38 of 3rd period - Snap shot by Eetu Luostarinen.
9:38 of 3rd period - Shot Misses the Net.
9:40 of 3rd period - Slapshot by Erik Cernak.
9:40 of 3rd period - Stopped by Connor Ingram with a rebound.
9:48 of 3rd period - Backhand shot by Josh Anderson.
9:48 of 3rd period - Shot Blocked by Artem Zub.
9:50 of 3rd period - Snap shot by Josh Anderson.
9:50 of 3rd period - Stopped by Connor Ingram without a rebound.
9:51 of 3rd period - Matthew Peca wins face-off versus Joshua Norris in Philadelphia Flyers zone.
9:58 of 3rd period - Alexis Lafreniere is hit by Justin Faulk and loses puck.
10:19 of 3rd period - Slapshot by Thomas Chabot.
10:19 of 3rd period - Stopped by Connor Ingram with a rebound.
10:23 of 3rd period - Slapshot by Alexander Wennberg.
10:23 of 3rd period - Stopped by Connor Ingram with a rebound.
10:25 of 3rd period - Snap shot by T.J. Oshie.
10:25 of 3rd period - Stopped by Connor Ingram with a rebound.
10:27 of 3rd period - Slapshot by Thomas Chabot.
10:27 of 3rd period - Shot Hit the Post.
10:57 of 3rd period - Snap shot by Alexis Lafreniere.
10:57 of 3rd period - Shot Misses the Net.
11:19 of 3rd period - Auston Matthews is hit by Alec Martinez.
11:53 of 3rd period - Slapshot by Matt Duchene.
11:53 of 3rd period - Shot Blocked by Nikita Zaitsev.
11:55 of 3rd period - Snap shot by Marcus Johansson.
11:55 of 3rd period - Deflect By Jesper Fast.
11:55 of 3rd period - Stopped by Semyon Varlamov with a rebound.
12:34 of 3rd period - Wrist shot by Thomas Chabot.
12:34 of 3rd period - Stopped by Connor Ingram with a rebound.
12:40 of 3rd period - Wrist shot by Eetu Luostarinen.
12:40 of 3rd period - Shot Misses the Net.
13:00 of 3rd period - Slapshot by Thomas Chabot.
13:00 of 3rd period - Stopped by Connor Ingram with a rebound.
13:57 of 3rd period - Slapshot by Mike Hoffman.
13:57 of 3rd period - Shot Blocked by Oliver Ekman-Larsson.
14:53 of 3rd period - Taylor Hall is hit by Matthew Peca and loses puck.
16:05 of 3rd period - Slapshot by Radek Faksa.
16:05 of 3rd period - Deflect By Matt Duchene.
16:05 of 3rd period - Shot Blocked by Jaccob Slavin.
16:05 of 3rd period - Puck is out of play.
16:06 of 3rd period - Alexander Wennberg wins face-off versus Radek Faksa in Hartford Whalers zone.
16:06 of 3rd period - Alexander Wennberg is hit by Jesper Fast.
16:50 of 3rd period - Icing by Nikita Zaitsev.
16:51 of 3rd period - Casey Cizikas wins face-off versus Marcus Johansson in Hartford Whalers zone.
17:28 of 3rd period - Erik Gustafsson is hit by Andre Burakovsky.
18:49 of 3rd period - Bryan Rust is hit by T.J. Oshie and loses puck.
19:06 of 3rd period - Tyler Johnson is hit by Eetu Luostarinen and loses puck.
Goals for this period are 2 for Philadelphia Flyers vs 0 for Hartford Whalers.
Shots for this period are 6 for Philadelphia Flyers vs 13 for Hartford Whalers.
Overtime #1
0:01 of 1st overtime period - Alexander Wennberg wins face-off versus Elias Lindholm in neutral zone.
0:10 of 1st overtime period - Backhand shot by Andre Burakovsky.
0:10 of 1st overtime period - Goal by Andre Burakovsky - Philadelphia Flyers : 3 - Hartford Whalers : 4.
Goals for this period are 0 for Philadelphia Flyers vs 1 for Hartford Whalers.
Shots for this period are 0 for Philadelphia Flyers vs 1 for Hartford Whalers.
Back to the Top